cohdb
Replays
Latest Replays
All Replays
Popular Replays
Top Player Replays
Match Explorer
How It Works
Community
CoH3 Stats
Reddit
Sign in to upload your games and track your stats! →
Sign in with Steam
Match 44530252
Unlisted
Match 44530252
Overview
Messages
Build Orders
End
Construct Infanterie Kompanie
MG 42 Machine Gun Team
GrW 34 Mortar Team
Selects Terror Battlegroup
MG 42 Machine Gun Team
Construct Panzergrenadier Kompanie
Panzergrenadier Squad
Pak 40 Anti-tank Gun Team
Support Elements
Selects Machine Gun Camouflage
Selects Contempt for the Weak
StuG III G Assault Gun
Nebelwerfer 42 Rocket Launcher Team
AI Takeover
Meat Rockets Blasting Off Again!
Mettiu
帝国师-大护法
Jarkke
Electron
Holfy92
天涯
ManowaR
0
0
Comments
sign in to comment!
No comments posted yet!